 Seeded DCSS version 0.28-a0-906-g0406aca7d3 (webtiles) character file.

Game seed: 1253952682822606321 (custom seed)

322 oldmanjim the Caller (level 6, -1/44 HPs)
             Began as a Gnoll Summoner on Nov 23, 2021.
             Killed by divine providence
             ... invoked by an orc priest
              (9 damage)
             ... on level 4 of the Dungeon.
             The game lasted 00:23:14 (2886 turns).

oldmanjim the Caller (Gnoll Summoner)               Turns: 2886, Time: 00:23:15

Health: -1/44      AC:  6    Str:  8    XL:     6   Next: 47%
Magic:  11/14      EV: 12    Int: 16    God:
Gold:   170        SH:  5    Dex: 12    Spells: 9/15 levels left

rFire   . . .      SeeInvis +   a - +0 short sword
rCold   . . .      Faith    .   l - +1 buckler {AC+3}
rNeg    . . .      Spirit   .   h - +0 leather armour
rPois   .          Reflect  .   (no helmet)
rElec   .          Harm     .   (no cloak)
rCorr   .          Rampage  .   (no gloves)
Will    .....                   (no boots)
Stlth   ++........              q - amulet of regeneration
HPRegen 1.14/turn               m - ring of see invisible
MPRegen 0.14/turn               (no ring)

@: no status effects
A: fangs 1, strong nose, distributed training
a: no special abilities


You were on level 4 of the Dungeon.
You visited 1 branch of the dungeon, and saw 4 of its levels.

You collected 170 gold pieces.

Inventory:

Hand Weapons
 a - a +0 short sword (weapon)
Missiles
 i - 95 stones
 k - 51 arrows
 n - 15 poisoned darts
Armour
 d - a +0 robe
 h - a +0 leather armour (worn)
 l - a +1 buckler of protection (worn)
Jewellery
 m - a ring of see invisible (left hand)
 q - an amulet of regeneration (around neck)
Wands
 s - a wand of flame (7)
Scrolls
 j - 3 scrolls of identify {unknown}
 o - a scroll of teleportation {unknown}
 r - a scroll of blinking {unknown}
 u - a scroll of silence {unknown}
 v - a scroll of enchant armour {unknown}
Potions
 b - 2 potions of attraction {unknown}
 c - a potion of haste {unknown}
 e - a potion of flight {unknown}
 f - 2 potions of might {unknown}
 g - 2 potions of heal wounds {unknown}
 p - a potion of degeneration {unknown}
 t - a potion of brilliance {unknown}


   Skills:
 + Level 2.0 Fighting
 + Level 2.0 Short Blades
 + Level 2.0 Long Blades
 + Level 2.0 Axes
 + Level 2.0 Maces & Flails
 + Level 2.0 Polearms
 + Level 2.0 Staves
 + Level 2.0 Slings
 + Level 2.0 Bows
 + Level 2.0 Crossbows
 + Level 2.0 Throwing
 + Level 2.0 Armour
 + Level 5.0 Dodging
 + Level 4.6 Stealth
 + Level 2.0 Shields
 + Level 2.0 Unarmed Combat
 + Level 5.4 Spellcasting
 + Level 1.5 Conjurations
 + Level 1.5 Hexes
 + Level 7.3 Summonings
 + Level 1.5 Necromancy
 + Level 1.5 Translocations
 + Level 1.5 Transmutations
 + Level 1.5 Fire Magic
 + Level 1.5 Ice Magic
 + Level 1.5 Air Magic
 + Level 1.5 Earth Magic
 + Level 1.5 Poison Magic
 + Level 2.2 Invocations
 + Level 2.0 Evocations


You had 9 spell levels left.
You knew the following spells:

 Your Spells              Type           Power      Damage    Failure   Level
a - Summon Small Mammal   Summ           100%       N/A       1%          1
b - Call Imp              Summ           27%        N/A       1%          2
c - Call Canine Familiar  Summ           27%        N/A       4%          3

Your spell library contained the following spells:

 Spells                   Type           Power      Damage    Failure   Level
 Summon Guardian Golem    Hex/Summ       18%        N/A       13%         3
 Sublimation of Blood     Necr           9%         N/A       22%         2
 Wereblood                Tmut           9%         N/A       22%         2
 Summon Lightning Spire   Summ/Air       18%        N/A       41%         4
 Summon Hydra             Summ           13%        N/A       100%        7


Dungeon Overview and Level Annotations

Branches:
Dungeon (4/15)
 Temple: D:4-7

Altars:

Annotations:
D:4 Natasha


Innate Abilities, Weirdness & Mutations

You have very sharp teeth.
Your uncanny sense of smell can sniff out nearby items.
Your experience applies equally to all skills.


Message History

The howler monkey hoots and howls with incredible vigour!
You hear a shout! x9
You closely miss Natasha.
Natasha is severely wounded.
The endoplasm hits your hound but does no damage.
The orc barely misses your hound.
Your hound bites the orc.
An orc wizard comes into view. It is wielding a +0 dagger.
You block the howler monkey's attack.
Natasha mumbles some strange words.
Natasha glows brightly for a moment.
Natasha misses you.
Your crimson imp hits the orc but does no damage.
You closely miss Natasha. Your bite misses Natasha.
Natasha is severely wounded.
Your hound completely misses the orc.
The endoplasm misses your hound. The orc hits your hound with a +0 club.
The howler monkey misses you.
The orc priest calls down the wrath of Beogh upon you.
Beogh smites you!
* * * LOW HITPOINT WARNING * * *
Your hound bites the orc but does no damage.
Natasha claws you!
* * * LOW HITPOINT WARNING * * *
Your crimson imp closely misses the orc.
The endoplasm hits your hound.
You hit Natasha.
Natasha is almost dead.
The howler monkey misses you. The orc hits your hound with a +0 club.
Your hound bites the orc.
Natasha closely misses you.
Your crimson imp barely misses the orc.
The endoplasm closely misses your hound.
The howler monkey hoots and howls with incredible vigour!
You hear a shout!
You hit Natasha. Your bite misses Natasha.
Natasha is almost dead.
Your hound barely misses the orc.
The orc hits your hound with a +0 club.
Your hound dies!
Your hound's corpse disappears in a puff of smoke!
The orc priest calls down the wrath of Beogh upon you.
Beogh smites you!
You die...

##.###.
..#..# ##
#....# 8###
..o.. ....
...# .8# ##
oo##.##...
##ho5......
#.@ยง....#
##.hJ#..#
#..)#
#......
.........#
..##.###...#
#..# #..
..... ...
... .... ..
.. ....


You could see a howler monkey (catching breath), an orc priest, 2 orc wizards,
Natasha (ally target), an orc, an endoplasm and a friendly crimson imp
(summoned).

Vanquished Creatures
  An adder (D:3)
  2 dart slugs (D:1)
  An orc (D:3)
  2 ball pythons (D:2)
  An endoplasm (D:3)
  A goblin (D:3)
  5 hobgoblins
  A jackal (D:2)
  2 quokkas
  2 frilled lizards
  A kobold (D:3)
  6 rats
25 creatures vanquished.

Vanquished Creatures (collateral kills)
  An ogre (D:3)
  An orc priest (D:3)
  Jessica (D:3)
  An orc wizard (D:3)
  Robin (D:3)
  3 gnolls (D:3)
  A worm (D:2)
  3 dart slugs
  3 orcs (D:3)
  2 bats
  3 endoplasms
  6 goblins
  10 hobgoblins
  3 jackals (D:1)
  2 quokkas
  4 ball pythons
  4 kobolds
  21 rats
70 creatures vanquished.

Vanquished Creatures (others)
  A fungus (D:3)
1 creature vanquished.

Grand Total: 96 creatures vanquished

Notes
Turn   | Place    | Note
-------+----------+-------------------------------------------
     0 | D:1      | oldmanjim the Gnoll Summoner began the quest for the Orb.
     0 | D:1      | Reached XP level 1. HP: 13/13 MP: 6/6
   303 | D:1      | Reached XP level 2. HP: 14/19 MP: 2/7
   410 | D:1      | Learned a level 2 spell: Call Imp
  1113 | D:1      | Reached XP level 3. HP: 21/25 MP: 9/9
  1231 | D:1      | Reached skill level 5 in Spellcasting
  1445 | D:2      | Reached skill level 1 in Invocations
  1488 | D:2      | Learned a level 3 spell: Call Canine Familiar
  1842 | D:2      | Reached skill level 1 in Fighting
  1842 | D:2      | Reached skill level 1 in Short Blades
  1842 | D:2      | Reached skill level 1 in Long Blades
  1842 | D:2      | Reached skill level 1 in Axes
  1842 | D:2      | Reached skill level 1 in Maces & Flails
  1842 | D:2      | Reached skill level 1 in Polearms
  1842 | D:2      | Reached skill level 1 in Staves
  1842 | D:2      | Reached skill level 1 in Slings
  1842 | D:2      | Reached skill level 1 in Bows
  1842 | D:2      | Reached skill level 1 in Crossbows
  1842 | D:2      | Reached skill level 1 in Throwing
  1842 | D:2      | Reached skill level 1 in Armour
  1842 | D:2      | Reached skill level 1 in Shields
  1842 | D:2      | Reached skill level 1 in Unarmed Combat
  1842 | D:2      | Reached skill level 1 in Evocations
  1969 | D:3      | Reached XP level 4. HP: 32/32 MP: 11/11
  2046 | D:3      | Noticed Robin
  2092 | D:3      | Reached skill level 1 in Conjurations
  2092 | D:3      | Reached skill level 1 in Hexes
  2092 | D:3      | Reached skill level 1 in Necromancy
  2092 | D:3      | Reached skill level 1 in Translocations
  2092 | D:3      | Reached skill level 1 in Transmutations
  2092 | D:3      | Reached skill level 1 in Fire Magic
  2092 | D:3      | Reached skill level 1 in Ice Magic
  2092 | D:3      | Reached skill level 1 in Air Magic
  2092 | D:3      | Reached skill level 1 in Earth Magic
  2092 | D:3      | Reached skill level 1 in Poison Magic
  2166 | D:3      | Killed Robin
  2272 | D:3      | Found a faded altar of an unknown god.
  2333 | D:3      | Reached XP level 5. HP: 37/37 MP: 7/12
  2608 | D:3      | Noticed Jessica
  2613 | D:3      | Killed Jessica
  2614 | D:3      | Reached XP level 6. HP: 44/44 MP: 6/13
  2756 | D:3      | Reached skill level 5 in Dodging
  2871 | D:4      | Noticed Natasha
  2886 | D:4      | Killed from afar by an orc priest

Illustrated notes

Levels and vault maps discovered:
D:1:      minmay_arrival_open_corners, layout_loops_ring
D:2:      layout_rooms, minmay_rat_hole
D:3:      cheibrodos_helix_gallery, layout_basic,
          dreamdust_ecumenical_altar_hidden_monk_grotto, uniq_robin,
          uniq_jessica
D:4:      layout_cave_pools, minmay_overflow_temple_hex,
          small_statue_intersection, minmay_shop_damaged,
          nicolae_specific_store, uniq_ijyb, uniq_natasha

Skill      XL: |  1  2  3  4  5  6 |
---------------+-------------------+-----
Spellcasting   | 5 |  5.4
Invocations    | 1 2 |  2.2
Fighting       | 1 2 |  2.0
Short Blades   | 1 2 |  2.0
Long Blades    | 1 2 |  2.0
Axes           | 1 2 |  2.0
Maces & Flails | 1 2 |  2.0
Polearms       | 1 2 |  2.0
Staves         | 1 2 |  2.0
Slings         | 1 2 |  2.0
Bows           | 1 2 |  2.0
Crossbows      | 1 2 |  2.0
Throwing       | 1 2 |  2.0
Armour         | 1 2 |  2.0
Shields        | 1 2 |  2.0
Unarmed Combat | 1 2 |  2.0
Evocations     | 1 2 |  2.0
Conjurations   | 1 |  1.5
Hexes          | 1 |  1.5
Necromancy     | 1 |  1.5
Translocations | 1 |  1.5
Transmutations | 1 |  1.5
Fire Magic     | 1 |  1.5
Ice Magic      | 1 |  1.5
Air Magic      | 1 |  1.5
Earth Magic    | 1 |  1.5
Poison Magic   | 1 |  1.5
Dodging        | 5 |  5.0
Stealth        | |  4.6
Summonings     | |  7.3

Action                   |  1- 3 |  4- 6 || total
-------------------------+-------+-------++-------
Melee: Unarmed           |     1 |       ||     1
       Short sword       |    72 |    59 ||   131
       Bite              |     6 |     9 ||    15
 Cast: Summon Small Mamm |    28 |     7 ||    35
       Call Imp          |    12 |     8 ||    20
       Call Canine Famil |       |    15 ||    15
 Stab: Sleeping          |     2 |     1 ||     3
       Distracted        |       |     1 ||     1
Armor: Robe              |    11 |       ||    11
       Leather armour    |    13 |    22 ||    35
Dodge: Dodged            |    55 |    43 ||    98
Block: Buckler           |     4 |    21 ||    25

Table legend: (Time is in decaauts)
 A = Elapsed time spent in this place.
 B = Non-inter-level travel time spent in this place.
 C = Inter-level travel time spent in this place.
 D = Time resting spent in this place.
 E = Time spent auto-exploring this place.
 F = Levels seen in this place.
 G = Mean time per level.
                   A        B        C        D        E       F      G
               +--------+--------+--------+--------+--------+-----+--------+
         Total |   2896 |   2826 |     70 |    171 |   1873 |   4 |  724.0 |
       Dungeon |   2896 |   2826 |     70 |    171 |   1873 |   4 |  724.0 |
               +--------+--------+--------+--------+--------+-----+--------+

Top non-repeatable levels by time:
     D:1: 1283 daAuts
     D:3: 849 daAuts
     D:2: 734 daAuts
     D:4: 29 daAuts
